 Dungeon Crawl Stone Soup version 0.31-a0-180-g519b7de00c (webtiles) character file.

Game seed: 9548968406611650778

221 qw the Chopper (level 5, 0/32 HPs)
             Began as a Gargoyle Fighter on June 19, 2023.
             Slain by an orc wizard
             ... wielding a +0 dagger
              (1 damage)
             ... on level 2 of the Dungeon.
             The game lasted 00:01:07 (1711 turns).

qw the Chopper (Gargoyle Fighter)                   Turns: 1711, Time: 00:01:07

Health: 0/32       AC: 12    Str: 19 (22) XL:     5   Next: 98%
Magic:  5/5        EV:  8    Int:  5 (8)  God:
Gold:   111        SH:  7    Dex:  6 (9)  Spells: 4/4 levels left

rFire   . . .        Y - +0 war axe
rCold   . . .        j - +0 kite shield
rNeg    + . .        b - +0 scale mail
rPois   inf          (no helmet)
rElec   +            (no cloak)
rCorr   .            l - +0 pair of gloves
SInv    .            (no boots)
Will    .....        (no amulet) Stlth
                     (no ring)
HPRegen 0.25/turn    (no ring)
MPRegen 0.09/turn

%: no passive effects
@: no status effects
A: sickness immunity, AC +4, negative energy resistance 1, electricity
resistance, torment resistance 1, petrification resistance
a: no special abilities


You were on level 2 of the Dungeon.
You visited 1 branch of the dungeon, and saw 3 of its levels.

You collected 111 gold pieces.


Innate Abilities, Weirdness & Mutations

You are immune to sickness and miasma.
Your stone body is resilient. (AC +4)
You are immune to poison.
You resist negative energy. (rN+)
You are resistant to electric shocks. (rElec)
You are resistant to unholy torment.
You are immune to petrification.


   Skills:
 - Level 3.3 Fighting
 - Level 5.3 Axes
 - Level 3.2 Armour
 + Level 3.5 Shields


You had 4 spell levels left.
You didn't know any spells.
Your spell library was empty.

Inventory:

Hand Weapons
 g - a +0 whip
 Y - a +0 war axe (weapon)
Armour
 b - a +0 scale mail (worn)
 j - a +0 kite shield (worn)
 l - a +0 pair of gloves (worn)
Scrolls
 a - a scroll of teleportation
 c - a scroll of silence {unknown}
 h - a scroll of identify
Potions
 d - a potion of might
 e - a potion of haste
 i - a potion of magic
 m - a potion of berserk rage {unknown}

Dungeon Overview and Level Annotations

Branches:
Dungeon (3/15)

Altars:
Fedhas


Message History

You bump into the rock wall.
An orc wizard appears from thin air!
Reactivating autopickup.
The orc wizard hits you but does no damage.
The orc wizard hits you but does no damage.
The orc wizard closely misses you. The orc wizard closely misses you.
You feel less confused. The orc wizard casts a spell at you.
You are confused.
The orc wizard hits you but does no damage.
The orc wizard casts a spell.
The orc wizard flickers and vanishes!
Deactivating autopickup; reactivate with Ctrl-A.
You bump into the rock wall.
You hear some strange, mumbled words.
A magic dart appears from out of thin air!
The magic dart hits you but does no damage.
You miss something. Something hits you but does no damage.
You closely miss something. Something hits you but does no damage.
Something hits you.
You bump into the rock wall.
You feel less confused.
You hear some strange, mumbled words.
A puff of flame appears from out of thin air!
The puff of flame hits you but does no damage.
You barely miss something. You block something's attack.
You closely miss something.
Something hits you but does no damage. x2
You closely miss something. Something hits you but does no damage.
You miss something. Something hits you.
You closely miss something.
You hear some strange, mumbled words.
A puff of flame appears from out of thin air!
The puff of flame hits you! Something hits you.
You die...

#####.##
###.##.##.##.....####### #
##.## #.......#........#
#...# #.#.......##.#...# # ##
#...# #.####>.#.##.##..# # .#
#...# #.##.........##<.# ##
.# #...# #.##.#..#.##.....###
#.
.###...###.##.#<.#..........#
#)
..............>..####.#.....#
#.
........(......{@...#.......#
#.
............)..####.###.....#
#. ####...######### #.#
#.....# #. ##......# #.#
####### ## ##.#<...# #.#
##.#:...####### #.# #######
##.#..........#
#.#######......
##.####.#####.#
#.##......#...#
##.####.#####.###
#.##.#.#.###.##


There were no monsters in sight!

Vanquished Creatures
  Sigmund (D:2)
  3 adders
  2 worms (D:2)
  A dart slug (D:1)
  An orc (D:3)
  2 ball pythons (D:1)
  4 endoplasms
  A giant cockroach (D:1)
  3 goblins
  A hobgoblin (D:2)
  5 kobolds
  7 bats
  3 frilled lizards
  3 rats
37 creatures vanquished.

Notes
Turn   | Place    | Note
-------+----------+-------------------------------------------
     0 | D:1      | qw the Gargoyle Fighter began the quest for the Orb.
     0 | D:1      | Reached XP level 1. HP: 14/14 MP: 1/1
     0 | D:1      | 0 ||| qw: Version: 0.3-a-7-ge0c9b40
     0 | D:1      | 0 ||| qw: Game counter: 969
     0 | D:1      | 0 ||| qw: Always use a shield: true
     0 | D:1      | 0 ||| qw: God list: Okawaru
     0 | D:1      | 0 ||| qw: Allow faded altars: false
     0 | D:1      | 0 ||| qw: Do Orc after D:15 true
     0 | D:1      | 0 ||| qw: Do second Lair branch before Depths: true
     0 | D:1      | 0 ||| qw: Lair rune preference: random
     0 | D:1      | 0 ||| qw: Plans: Normal, Zot:1-4, Slime:5, God:TSO, Crypt,
                  | Tomb, Abyss, Pan, Hells, Win
     0 | D:1      | 0 ||| PLANNING D:1-11
    94 | D:1      | Reached skill level 2 in Axes
    94 | D:1      | 94 ||| Stepping ~*~*~tactically~*~*~ (hiding).
   286 | D:1      | Reached XP level 2. HP: 13/19 MP: 2/2
   312 | D:1      | 312 ||| DROPPING +0 club.
   397 | D:1      | 397 ||| Stepping ~*~*~tactically~*~*~ (stealth).
   658 | D:1      | 658 ||| READING 2 scrolls labelled CEOQOPSUQODI.
   663 | D:1      | 663 ||| READING 2 scrolls labelled PEABOIMANEU.
   664 | D:1      | 664 ||| DRINKING 2 fizzy grey potions.
   788 | D:2      | Reached skill level 3 in Axes
   834 | D:2      | Found a blossoming altar of Fedhas.
   921 | D:2      | Reached XP level 3. HP: 16/23 MP: 3/3
  1222 | D:2      | 1222 ||| Stepping ~*~*~tactically~*~*~ (stealth).
  1248 | D:2      | Noticed Sigmund
  1256 | D:2      | Killed Sigmund
  1257 | D:2      | Reached skill level 5 in Axes
  1257 | D:2      | Reached XP level 4. HP: 15/28 MP: 4/4
  1257 | D:2      | Reached XP level 5. HP: 17/32 MP: 5/5
  1524 | D:2      | 1524 ||| UPGRADING to +0 kite shield.
  1534 | D:2      | 1534 ||| DROPPING +0 buckler.
  1535 | D:2      | 1535 ||| UPGRADING to +0 pair of gloves.
  1540 | D:2      | 1540 ||| READING 2 scrolls labelled HUUPHA QACROG.
  1541 | D:2      | 1541 ||| DRINKING 2 fuming blue potions.
  1542 | D:2      | 1542 ||| DRINKING 3 smoky clear potions.
  1543 | D:2      | 1543 ||| DROPPING scroll of noise.
  1544 | D:2      | 1544 ||| DROPPING 2 potions of degeneration.
  1604 | D:3      | 1604 ||| PLANNING SEWER
  1644 | D:3      | 1644 ||| Stepping ~*~*~tactically~*~*~ (stealth).
  1646 | D:3      | 1646 ||| Stepping ~*~*~tactically~*~*~ (hiding).
  1660 | D:3      | 1660 ||| FLEEEEING.
  1661 | D:3      | 1661 ||| FLEEEEING.
  1662 | D:3      | 1662 ||| FLEEEEING.
  1663 | D:3      | 1663 ||| FLEEEEING.
  1664 | D:3      | 1664 ||| FLEEEEING.
  1665 | D:3      | 1665 ||| FLEEEEING.
  1666 | D:3      | 1666 ||| FLEEEEING.
  1667 | D:3      | 1667 ||| FLEEEEING.
  1668 | D:3      | 1668 ||| STAIRDANCE
  1711 | D:2      | HP: 1/32 [something/puff of flame (9)]
  1711 | D:2      | Slain by an orc wizard

Levels and vault maps discovered:
D:1:      nagdon_arrival_double_spiral, layout_basic
D:2:      layout_loops_cross, basic_altar, minmay_misc_feat_tower,
          minmay_misc_feat_encased, minmay_misc_feat_columns, minmay_between,
          uniq_sigmund
D:3:      layout_basic, mainiacjoe_overflow_big_doors, portal_sewer_entry_f

Skill      XL: |  1  2  3 |
---------------+----------+-----
Axes           | 2 3 5 |  5.3
Fighting       | |  3.3
Armour         | |  3.2
Shields        | |  3.5

Action                     |  1- 3 |  4- 6 || total
---------------------------+-------+-------++-------
  Melee: War axe           |   123 |    38 ||   161
    Use: Scroll            |     2 |     1 ||     3
         Potion            |     1 |     2 ||     3
 Armour: Scale mail        |    76 |    40 ||   116
  Dodge: Dodged            |    64 |     6 ||    70
  Block: Buckler           |    17 |     1 ||    18
         Kite shield       |       |     9 ||     9

Table legend:
 A = Non-vault XP
 B = Vault XP
 C = Vault XP percentage of total XP
 D = Non-vault monster count
 E = Vault monster count
 F = Vault count percentage of total count
                 A         B        C        D         E       F
            +---------+---------+-------+---------+---------+-------
      Total |      72 |     244 |  77.2 |      29 |       8 |  21.6
            +---------+---------+-------+---------+---------+-------
        D:1 |      25 |       0 |   0.0 |      14 |       0 |   0.0
        D:2 |      28 |     244 |  89.7 |      11 |       8 |  42.1
        D:3 |      19 |       0 |   0.0 |       4 |       0 |   0.0
            +---------+---------+-------+---------+---------+-------
